 Dungeon Sprint DCSS version 0.22.2-1-ge965b3a (webtiles) character file.

9900000 Fang the Conqueror (level 27, -6/249 HPs)
             Began as a Demonspawn Gladiator on Apr 3, 2019.
             Was the Champion of Makhleb.
             Mangled by The Servant
             ... wielding a +9 glaive of flaming
              (50 damage)
             ... in the Dungeon (Sprint VIII: "Arena of Blood").
             The game lasted 00:01:17 (99 turns).

Fang the Conqueror (Demonspawn Gladiator)             Turns: 99, Time: 00:01:17

Health: -6/249     AC: 12    Str: 24    XL:     27
Magic:  0/54       EV: 33    Int: 10    God:    Makhleb [******]
Gold:   0          SH:  0    Dex: 18    Spells: 80/80 levels left

rFire    + . .     SeeInvis .   l - +∞ Axe of Woe
rCold    . . .     Gourm    .   (shield currently unavailable)
rNeg     . . .     Faith    .   b - +0 leather armour
rPois    +         Spirit   +   c - +0 helmet
rElec    .         Reflect  .   (no cloak)
rCorr    .         Harm     .   (gloves unavailable)
MR       ++...     NoTele   +   (no boots)
Stlth    +++++++++.             (no amulet)
HPRegen  0.51/turn              (no ring)
MPRegen  0.68/turn              (no ring)

@: no status effects
A: claws 3, slimy green scales 3, fire resistance 1, hurl damnation, foul stench
2, magic shield, magic regeneration, magic link, rot immunity, flame cloud
immunity
a: Hurl Damnation, Minor Destruction, Lesser Servant of Makhleb, Major
Destruction, Greater Servant of Makhleb, Renounce Religion


You were in the Dungeon.
You worshipped Makhleb.
Makhleb was exalted by your worship.
You were not hungry.

You visited 1 branch

Inventory:

Hand Weapons
 a - a +0 war axe
 l - the +∞ Axe of Woe (weapon)
   (You found it in the Dungeon)
Missiles
 d - 3 throwing nets (quivered)
Armour
 b - a +0 leather armour (worn)
 c - a +0 helmet (worn)
Scrolls
 k - a scroll of blinking
Potions
 e - a potion of curing
 g - a potion of heal wounds
 h - a potion of haste
 i - 2 potions of magic
 j - a potion of berserk rage
Comestibles
 f - a ration


   Skills:
 O Level 27 Fighting
 O Level 27 Axes
 O Level 27 Throwing
 O Level 27 Armour
 O Level 27 Dodging
 O Level 27 Stealth
 O Level 27 Unarmed Combat
 O Level 27 Spellcasting
 O Level 27 Invocations


You had 80 spell levels left.
You didn't know any spells.
Your spell library was empty.

Dungeon Overview and Level Annotations

Branches:
Dungeon (1/1)

Altars:
Makhleb

Annotations:
D The Servant


Innate Abilities, Weirdness & Mutations

You have claws for hands.
You are completely covered in slimy green scales. (AC +4, rPois)
Your flesh is heat resistant. (rF+)
You can hurl damnation.
You frequently emit foul miasma when damaged in melee.
When hurt, damage is shared between your health and your magic reserves.
You regenerate magic rapidly.
When low on magic, you restore magic in place of health.
You are immune to rotting.
You are immune to clouds of flame.


Message History

A meat beast comes into view.
You feel something staring at you.
A fireball appears from out of thin air!
The fireball explodes!
Deactivating autopickup; reactivate with Ctrl-A.
The fireball engulfs you! You resist.
You hear a shout! x2
A bag of meat comes into view. It is wielding a +9 war axe.
The eight-headed meat hydra calls on the powers of darkness!
The eight-headed meat hydra convulses!
The bag of meat convulses!
The meat berserker convulses!
The bag of meat convulses!
The large bag of meat convulses!
The bag of meat convulses! x2
The Servant convulses!
The bag of meat convulses!
Your body is wracked with pain!
* * * LOW HITPOINT WARNING * * *
The meat berserker convulses!
The bag of meat convulses!
The eight-headed meat hydra convulses!
You hear a shout! x3
The Servant hits you from afar with a +9 glaive of flaming!!!
You die...

.......#_)<._#.....
.#L.....)#)))..#...
.
.L.#....)).._.......
.o.o....)))###......
..oO.D###)§).§..###.
...2.oO.#.).§...#
......@.#)).§...#.
.....§§§))§)§%.....
#.o§W§@)O§§......
#...§§)§).....O...
#.#...o....D%....##
#...%.#........#..
%...........o.2.#..
......##.#........
...... ...........
..#### ...#.....#


You could see 2 meat beasts, 2 tyrants, The Servant, 2 eight-headed meat hydras,
a large bag of meat (inner flame), a dread, 3 meat berserkers and 7 bags of
meat.

Vanquished Creatures
  Sigmund (D)
  5 hell beasts (D)
  3 greater mummies (D)
  A great orb of eyes (D)
  3 wraiths (D)
  8 vampire knights (D)
  24 ogres (D)
  2 two-headed ogres (D)
  3 liches (D)
  50 orcs (D)
  2 phantoms (D)
  5 skeletal warriors (D)
  9 small abominations (D)
  3 large abominations (D)
  10 crawling corpses (D)
129 creatures vanquished.

Notes
Turn   | Place    | Note
-------+----------+-------------------------------------------
     0 | D        | Found the +∞ Axe of Woe
     0 | D        | Fang the Demonspawn Gladiator began the quest for the Orb.
     0 | D        | Reached XP level 1. HP: 16/16 MP: 1/1
     4 | D        | Became a worshipper of Makhleb the Destroyer
     5 | D        | Noticed a bag of meat
     9 | D        | Noticed a meat berserker
    10 | D        | Noticed a bag of meat
    12 | D        | Killed a bag of meat
    12 | D        | Gained mutation: You have sharp fingernails. [demonic
                  | ancestry]
    12 | D        | Reached XP level 2. HP: 43/43 MP: 2/2
    12 | D        | Gained mutation: When hurt, damage is shared between your
                  | health and your magic reserves. [demonic ancestry]
    12 | D        | Reached XP level 3. HP: 49/49 MP: 3/3
    12 | D        | Reached XP level 4. HP: 56/56 MP: 4/4
    12 | D        | Gained mutation: You have very sharp fingernails. [demonic
                  | ancestry]
    12 | D        | Reached XP level 5. HP: 62/62 MP: 5/5
    12 | D        | Reached XP level 6. HP: 69/69 MP: 6/6
    12 | D        | Gained mutation: You are partially covered in slimy green
                  | scales. (AC +2) [demonic ancestry]
    12 | D        | Reached XP level 7. HP: 75/75 MP: 7/7
    12 | D        | Reached XP level 8. HP: 82/82 MP: 8/8
    12 | D        | Gained mutation: You regenerate magic rapidly. [demonic
                  | ancestry]
    12 | D        | Reached XP level 9. HP: 88/88 MP: 9/9
    12 | D        | Reached XP level 10. HP: 95/95 MP: 10/10
    12 | D        | Reached XP level 11. HP: 101/101 MP: 11/11
    12 | D        | Noticed a meat berserker
    12 | D        | Noticed a bag of meat
    13 | D        | Killed a meat berserker
    13 | D        | Reached * piety under Makhleb
    13 | D        | Gained mutation: You are immune to rotting. [demonic
                  | ancestry]
    13 | D        | Reached XP level 12. HP: 116/116 MP: 12/12
    13 | D        | Reached XP level 13. HP: 122/122 MP: 13/13
    14 | D        | Killed a meat berserker
    14 | D        | Reached XP level 14. HP: 105/136 MP: 10/14
    14 | D        | Noticed a bag of meat
    15 | D        | Noticed a bag of meat
    15 | D        | Noticed a meat berserker
    16 | D        | Noticed a meat berserker
    16 | D        | Noticed a bag of meat
    17 | D        | Noticed a bag of meat
    18 | D        | Killed a bag of meat
    18 | D        | Gained mutation: You are mostly covered in slimy green
                  | scales. (AC +3) [demonic ancestry]
    18 | D        | Reached XP level 15. HP: 144/144 MP: 11/15
    20 | D        | Reached ** piety under Makhleb
    20 | D        | Noticed a meat berserker
    21 | D        | Killed a meat berserker
    21 | D        | Reached XP level 16. HP: 157/157 MP: 10/16
    21 | D        | Reached *** piety under Makhleb
    22 | D        | Noticed a destroyer
    23 | D        | Killed a meat berserker
    23 | D        | Gained mutation: You may emit foul miasma when damaged in
                  | melee. [demonic ancestry]
    23 | D        | Reached XP level 17. HP: 171/171 MP: 7/17
    24 | D        | Noticed a meat berserker
    25 | D        | Killed a meat berserker
    25 | D        | Reached **** piety under Makhleb
    25 | D        | Reached skill level 27 in Fighting
    25 | D        | Gained mutation: You have claws for hands. [demonic
                  | ancestry]
    25 | D        | Reached XP level 18. HP: 122/182 MP: 5/18
    26 | D        | Killed a destroyer
    26 | D        | Reached skill level 27 in Axes
    26 | D        | Reached skill level 27 in Throwing
    26 | D        | Reached skill level 27 in Dodging
    27 | D        | Reached skill level 10 in Armour
    27 | D        | Reached skill level 10 in Unarmed Combat
    27 | D        | Reached skill level 10 in Spellcasting
    29 | D        | Killed a meat berserker
    29 | D        | Gained mutation: When low on magic, you restore magic in
                  | place of health. [demonic ancestry]
    29 | D        | Reached XP level 19. HP: 150/189 MP: 5/36
    29 | D        | Noticed a meat berserker
    30 | D        | Noticed a meat berserker
    30 | D        | Reached skill level 15 in Stealth
    31 | D        | Reached ***** piety under Makhleb
    31 | D        | Reached skill level 15 in Armour
    31 | D        | Reached skill level 15 in Unarmed Combat
    31 | D        | Reached skill level 15 in Spellcasting
    31 | D        | Noticed a destroyer
    32 | D        | Noticed a destroyer
    33 | D        | Killed a destroyer
    33 | D        | Reached XP level 20. HP: 197/197 MP: 8/41
    35 | D        | Killed a meat berserker
    36 | D        | Killed a meat berserker
    36 | D        | Noticed a destroyer
    38 | D        | Killed a destroyer
    38 | D        | Reached skill level 27 in Invocations
    38 | D        | Gained mutation: You frequently emit foul miasma when
                  | damaged in melee. [demonic ancestry]
    38 | D        | Reached XP level 21. HP: 204/204 MP: 10/47
    38 | D        | Killed a destroyer
    39 | D        | Reached ****** piety under Makhleb
    40 | D        | Reached XP level 22. HP: 212/212 MP: 11/51
    41 | D        | Reached skill level 27 in Stealth
    44 | D        | Reached skill level 27 in Armour
    44 | D        | Reached skill level 27 in Unarmed Combat
    44 | D        | Reached skill level 27 in Spellcasting
    46 | D        | Noticed an accursed
    50 | D        | Gained mutation: Your flesh is heat resistant. (rF+)
                  | [demonic ancestry]
    50 | D        | Reached XP level 23. HP: 189/219 MP: 7/54
    54 | D        | Killed an accursed
    55 | D        | Noticed a tyrant
    56 | D        | Reached XP level 24. HP: 227/227 MP: 10/54
    57 | D        | Noticed an accursed
    57 | D        | Noticed a tyrant
    63 | D        | Killed a tyrant
    63 | D        | Noticed a meat beast
    64 | D        | Noticed a destroyer
    64 | D        | Noticed a dread
    64 | D        | Noticed a dread
    64 | D        | Noticed The Captor
    65 | D        | Gained mutation: You are completely covered in slimy green
                  | scales. (AC +4, rPois) [demonic ancestry]
    65 | D        | Reached XP level 25. HP: 229/234 MP: 9/54
    66 | D        | Noticed a large bag of meat
    66 | D        | Noticed an accursed
    66 | D        | Noticed a meat beast
    67 | D        | Killed a meat beast
    67 | D        | Gained mutation: You are immune to clouds of flame.
                  | [demonic ancestry]
    67 | D        | Reached XP level 26. HP: 242/242 MP: 6/54
    67 | D        | Killed a destroyer
    67 | D        | Noticed a dread
    68 | D        | Killed a dread
    69 | D        | Gained mutation: You can hurl damnation. [demonic ancestry]
    69 | D        | Reached XP level 27. HP: 249/249 MP: 7/54
    69 | D        | Killed a tyrant
    70 | D        | Killed an accursed
    71 | D        | Killed a dread
    72 | D        | Killed The Captor
    72 | D        | Killed a meat beast
    72 | D        | Noticed a destroyer
    73 | D        | Noticed a destroyer
    75 | D        | Killed a dread
    75 | D        | Noticed a meat beast
    78 | D        | Noticed a meat beast
    79 | D        | Killed an accursed
    79 | D        | Killed a meat beast
    79 | D        | Killed a large bag of meat
    79 | D        | Noticed a destroyer
    81 | D        | Noticed a dread
    81 | D        | Noticed a large bag of meat
    82 | D        | Killed a destroyer
    82 | D        | Killed a meat beast
    82 | D        | Noticed a meat beast
    85 | D        | Killed a destroyer
    87 | D        | Killed a destroyer
    87 | D        | Killed a meat beast
    89 | D        | Noticed The Servant
    90 | D        | Noticed a tyrant
    90 | D        | Noticed a large bag of meat
    95 | D        | Killed a large bag of meat
    97 | D        | Noticed a meat beast
    97 | D        | Noticed a tyrant
    98 | D        | Noticed a tyrant
    99 | D        | Killed a tyrant
    99 | D        | Noticed a meat beast
    99 | D        | Mangled by The Servant

Skill      XL: |  1  2  3  4  5  6  7  8  9 10 11 12 13 14 15 16 17 18 19 20 21 22 |
---------------+-------------------------------------------------------------------+-----
Fighting       | 14 18 20 21 23 26 27 | 27.0
Axes           | 13 17 19 22 24 26 27 | 27.0
Throwing       | 13 16 19 22 24 26 27 | 27.0
Dodging        | 13 17 19 22 24 26 27 | 27.0
Armour         | 13 17 22 25 27 | 27.0
Stealth        | 14 18 23 26 27 | 27.0
Unarmed Combat | 13 17 22 25 27 | 27.0
Spellcasting   | 13 17 22 25 27 | 27.0
Invocations    | 17 23 27 | 27.0

Action                   |  1- 3 |  4- 6 |  7- 9 | 10-12 | 13-15 | 16-18 | 19-21 | 22-24 | 25-27 || total
-------------------------+-------+-------+-------+-------+-------+-------+-------+-------+-------++-------
Melee: Executioner's axe |     1 |       |       |     1 |     4 |     6 |     8 |    14 |    30 ||    64
Armor: Leather armour    |       |       |       |       |       |       |       |       |     1 ||     1
Dodge: Dodged            |       |       |       |       |     1 |       |       |     3 |     7 ||    11
